 Dungeon Crawl Stone Soup version 0.32-a0-39-g5c88369fb2 (webtiles) character file.

Game seed: 16916145577708920758

8525 Gargoyl the Cleaver (level 11, -3/69 HPs)
             Began as a Gargoyle Berserker on Jan 30, 2024.
             Was an Elder of Trog.
             Slain by Snorg (15 damage)
             ... on level 10 of the Dungeon.
             The game lasted 00:11:10 (6846 turns).

Gargoyl the Cleaver (Gargoyle Berserker)            Turns: 6846, Time: 00:11:10

Health: -3/69      AC: 23    Str: 26    XL:     11   Next: 32%
Magic:  11/11      EV: 15    Int:  6    God:    Trog [****..]
Gold:   763        SH:  0    Dex: 12    Spells: 10/10 levels left

rFire   . . .        y - +16 obsidian axe {drain, demonic, Mesm ^Drain Fly SInv}
rCold   + . .        (no shield)
rNeg    + . .        C - +0 chain mail
rPois   ∞            (no helmet)
rElec   +            (no cloak)
rCorr   .            (no gloves)
SInv    +            n - +3 pair of mountain boots {steadfast, rC+}
Will    .....        (no amulet) Stlth
                     g - +5 ring of evasion
HPRegen 0.31/turn    (no ring)
MPRegen 0.12/turn

%: clarity
@: flying, mesmerised
A: sickness immunity, AC +8, negative energy resistance 1, electricity
resistance, torment resistance 1, petrification resistance, clarity, strong 1,
wild magic 1, evolution 1, inability to read after injury 1
a: Renounce Religion, Berserk, Trog's Hand, Brothers in Arms


You were on level 10 of the Dungeon.
You worshipped Trog.
Trog was greatly pleased with you.
You visited 1 branch of the dungeon, and saw 10 of its levels.

You collected 763 gold pieces.

Inventory:

Hand Weapons
 a - a +0 hand axe of electrocution
 p - a +7 war axe of freezing
 u - a +1 executioner's axe
 y - the +16 obsidian axe (weapon) {drain, demonic, Mesm ^Drain Fly SInv}
   (You found it on level 6 of the Dungeon)

   Mesm:      Its wielder is mesmerised by any visible foes, and it cannot be
   unequipped while any foes are visible.
   SInv:      It lets you see invisible.
   Fly:       It grants you flight.
   ^Drain:    It drains your maximum health when unequipped.
Missiles
 c - 40 poisoned darts (quivered)
Armour
 n - the +3 pair of mountain boots (worn) {steadfast, rC+}
   (You acquired it on level 3 of the Dungeon)

   Steadfast: It prevents involuntary movement, except for blinking,
   teleportation, or banishment.
   rC+:       It protects you from cold.
 C - a +0 chain mail (worn)
Jewellery
 g - a +5 ring of evasion (left hand)
 D - a ring of protection from fire
Wands
 t - a wand of flame (3)
 x - a wand of polymorph (8)
 A - a wand of paralysis (9)
Scrolls
 b - 3 scrolls of teleportation
 d - 5 scrolls of identify
 i - a scroll of enchant weapon
 o - a scroll of poison
 q - 3 scrolls of fear
 r - a scroll of immolation
 s - 4 scrolls of blinking
 E - a scroll of fog
 F - a scroll of brand weapon
 G - a scroll of vulnerability
 H - a scroll of revelation {unknown}
Potions
 e - a potion of resistance
 f - a potion of berserk rage {unknown}
 h - 4 potions of heal wounds
 j - 3 potions of curing {unknown}
 k - a potion of attraction {unknown}
 l - 2 potions of haste
 m - a potion of magic {unknown}
 v - 2 potions of lignification {unknown}
 w - a potion of enlightenment {unknown}
 z - a potion of ambrosia {unknown}
 B - 2 potions of cancellation {unknown}


   Skills:
 + Level 8.3 Fighting
 + Level 12.0 Axes
 + Level 9.1 Armour
 + Level 4.2 Dodging
 + Level 1.0 Stealth


You had 10 spell levels left.
You didn't know any spells.
Your spell library was empty.

Dungeon Overview and Level Annotations

Branches:
Dungeon (10/15)            Temple (0/1) D:4             Orc (0/2) D:9
   Lair: D:8-11

Altars:
Ashenzari
Cheibriados
Gozag
Hepliaklqana
Kikubaaqudgha
Makhleb
Nemelex Xobeh
Qazlal
Ru
Sif Muna
Trog
Uskayaw
Vehumet
Yredelemnul

Annotations:
D:10 Snorg


Innate Abilities, Weirdness & Mutations

You are immune to sickness and miasma.
Your stone body is resilient. (AC +8)
You are immune to poison.
You resist negative energy. (rN+)
You are resistant to electric shocks. (rElec)
You are resistant to unholy torment.
You are immune to petrification.
You possess an exceptional clarity of mind.
Your muscles are strong. (Str +4, Int/Dex -1)
Your spells are a little harder to cast, but a little more powerful.
You have hidden genetic potential.
You occasionally lose the ability to read scrolls when taking damage.


Message History

You slash the killer bee! x2
You kill the killer bee!
Trog accepts your kill.
Visions of slaying the killer bee flood into your mind.
The killer bee completely misses you.
The killer bee stings you but does no damage.
The killer bee misses you. The killer bee barely misses you.
You slice the killer bee!!
You break out of your daze!
You kill the killer bee!
Trog accepts your kill.
You slice the killer bee!!
You kill the killer bee!
Trog accepts your kill.
You now have 763 gold pieces (gained 23).
Snorg the Insatiable comes into view.
Visions of slaying Snorg flood into your mind.
Snorg shouts!
Snorg is nearby!
Snorg is nearby!
Snorg is nearby!
Found a scroll of identify.
Snorg goes berserk!
Snorg bites you but does no damage. Snorg claws you!
Snorg claws you but does no damage.
You slice Snorg!! You drain Snorg!
Snorg is moderately wounded.
Snorg barely misses you. Snorg claws you but does no damage. Snorg claws you!
Snorg bites you!! Snorg closely misses you. Snorg barely misses you.
You barely miss Snorg.
Snorg is moderately wounded.
Snorg bites you!
* * * LOW HITPOINT WARNING * * *
Snorg claws you but does no damage. x2; Your ice devil hits Snorg!
Your ice devil freezes Snorg!!
You slice Snorg!!
Snorg is severely wounded.
Snorg bites you but does no damage. Snorg barely misses you.
Snorg completely misses you. x2; Snorg barely misses you.
Snorg claws you!
You die...

#≈≈≈≈.# .......≈#
####≈.. #......≈# #≈..
#......≈# #≈.# #......≈#
#≈.# #......≈## ##≈.#
#......≈≈## ##≈≈.#
#.....T4≈≈## ##≈≈..#
#......@.≈≈#######≈≈...#
#.........≈≈≈≈≈≈≈≈≈....#
#............####......#
#............####......#
#......................#
#......................#
...?..........†.........
..............††........
.......................


You could see Snorg (mesmerising, berserk, drained, ally target) and a friendly
ice devil (summoned).

Vanquished Creatures
  A two-headed ogre (D:8)
  The ghost of NigelTetley the Ducker, a novice FeSh of Gozag (D:7)
  A kobold demonologist (D:9)
  A troll (D:9)
  2 hornets (D:9)
  2 slime creatures (D:9)
  3 yaks (D:9)
  A shadow (D:9)
  A wyvern (D:8)
  An acid dragon (D:8)
  4 water moccasins (D:7)
  2 ice beasts
  5 orc warriors
  2 ogres
  2 centaurs
  A phantom (D:4)
  A bullfrog (D:8)
  2 kobold brigands
  A gnoll sergeant (D:9)
  4 scorpions
  A wight (D:9)
  11 killer bees
  An electric eel (D:6)
  6 howler monkeys
  A bombardier beetle (D:5)
  A lava snake (D:9)
  A hound (D:5)
  2 orc priests
  A gnoll bouda (D:5)
  4 jellies
  5 orc wizards
  A sleepcap (D:8)
  4 iguanas
  4 adders
  2 gnolls (D:9)
  2 white imps (D:7)
  4 ufetubi (D:5)
  A ribbon worm (D:3)
  A dart slug (D:4)
  13 orcs
  4 bats
  14 endoplasms
  7 giant cockroaches
  7 goblins
  4 hobgoblins
  4 jackals (D:1)
  25 kobolds
  3 quokkas
  5 ball pythons
  3 frilled lizards
  6 rats
  A spectral kobold (D:8)
187 creatures vanquished.

Vanquished Creatures (collateral kills)
  A hornet (D:7)
  A slime creature (D:9)
  3 yaks (D:9)
  A water moccasin (D:9)
  4 orc warriors (D:9)
  2 kobold brigands (D:9)
  A bullfrog (D:8)
  A gnoll sergeant (D:9)
  2 scorpions (D:7)
  2 wights (D:9)
  A howler monkey (D:7)
  2 orc priests (D:9)
  2 orc wizards (D:9)
  5 gnolls (D:9)
  9 orcs
  5 kobolds (D:9)
42 creatures vanquished.

Grand Total: 229 creatures vanquished

Notes
Turn   | Place    | Note
-------+----------+-------------------------------------------
     0 | D:1      | Gargoyl the Gargoyle Berserker began the quest for the Orb.
     0 | D:1      | Reached XP level 1. HP: 14/14 MP: 1/1
   206 | D:1      | Reached XP level 2. HP: 18/19 MP: 2/2
   251 | D:1      | Reached skill level 3 in Axes
   570 | D:1      | Reached XP level 3. HP: 24/24 MP: 3/3
  1108 | D:2      | Reached ** piety under Trog
  1227 | D:2      | Found a broken altar of Ashenzari.
  1227 | D:2      | Found an ancient bone altar of Kikubaaqudgha.
  1227 | D:2      | Found a hide-covered altar of Uskayaw.
  1227 | D:2      | Found a sparkling altar of Nemelex Xobeh.
  1227 | D:2      | Found a stormy altar of Qazlal.
  1227 | D:2      | Found a snail-covered altar of Cheibriados.
  1240 | D:2      | Reached XP level 4. HP: 19/29 MP: 4/4
  1643 | D:3      | Reached XP level 5. HP: 28/33 MP: 5/5
  1671 | D:3      | Found a basalt altar of Yredelemnul.
  1736 | D:3      | Identified a scroll of acquirement
  1736 | D:3      | Acquired the +3 pair of mountain boots {steadfast, rC+}
  1736 | D:3      | Found the +3 pair of mountain boots {steadfast, rC+}
  1764 | D:3      | Reached skill level 4 in Axes
  1973 | D:4      | Gained mutation: Your flesh is cold resistant. (rC+)
                  | [potion of mutation]
  1975 | D:4      | Found a staircase to the Ecumenical Temple.
  2053 | D:4      | Noticed a phantom
  2082 | D:4      | Killed a phantom
  2083 | D:4      | Reached XP level 6. HP: 28/39 MP: 6/6
  2187 | D:4      | Acquired a +3 war axe of freezing
  2640 | D:5      | Entered Level 5 of the Dungeon
  2716 | D:5      | Reached skill level 5 in Axes
  2755 | D:5      | Reached XP level 7. HP: 44/44 MP: 7/7
  2978 | D:5      | Found a radiant altar of Vehumet.
  3241 | D:5      | Reached *** piety under Trog
  3341 | D:6      | Reached skill level 6 in Axes
  3415 | D:6      | Found a sacrificial altar of Ru.
  3498 | D:6      | Found the +16 obsidian axe {drain, demonic, Mesm ^Drain Fly
                  | SInv}
  3586 | D:6      | Reached skill level 5 in Armour
  3586 | D:6      | Reached XP level 8. HP: 43/48 MP: 8/8
  3691 | D:6      | Reached skill level 5 in Fighting
  3765 | D:6      | Identified the +1 sling of Tatigoj {freeze, ^Fragile rPois
                  | Stlth+}
  3824 | D:6      | Found a shimmering blue altar of Sif Muna.
  4227 | D:7      | Reached skill level 1 in Stealth
  4229 | D:7      | Reached skill level 7 in Axes
  4347 | D:7      | Reached XP level 9. HP: 48/54 MP: 9/9
  4397 | D:7      | Noticed a hornet
  4402 | D:7      | Killed a hornet
  4403 | D:7      | Reached skill level 8 in Axes
  4483 | D:7      | Found a runed translucent door.
  4484 | D:7      | Noticed NigelTetley's ghost (novice FeSh)
  4743 | D:7      | Found a hide-covered altar of Uskayaw.
  4880 | D:7      | Killed NigelTetley's ghost
  4974 | D:8      | Lost mutation: Your flesh is cold resistant. (rC+) [potion
                  | of mutation]
  4974 | D:8      | Gained mutation: Your muscles are strong. (Str +4, Int/Dex
                  | -1) [potion of mutation]
  4974 | D:8      | Gained mutation: You occasionally lose the ability to read
                  | scrolls when taking damage. [potion of mutation]
  4974 | D:8      | Gained mutation: You possess an exceptional clarity of
                  | mind. [potion of mutation]
  4974 | D:8      | Gained mutation: You have hidden genetic potential. [potion
                  | of mutation]
  5011 | D:8      | Noticed a two-headed ogre
  5015 | D:8      | Reached skill level 9 in Axes
  5016 | D:8      | Killed a two-headed ogre
  5017 | D:8      | Reached XP level 10. HP: 45/61 MP: 10/10
  5313 | D:8      | Reached skill level 10 in Axes
  5471 | D:8      | Found an opulent altar of Gozag.
  5471 | D:8      | Found a burning altar of Makhleb.
  5471 | D:8      | Found a bloodstained altar of Trog.
  5618 | D:8      | Found a hazy altar of Hepliaklqana.
  5895 | D:9      | Gained mutation: Your spells are a little harder to cast,
                  | but a little more powerful. [hidden potential]
  5899 | D:9      | Reached **** piety under Trog
  5972 | D:9      | Noticed a kobold demonologist
  5979 | D:9      | Killed a kobold demonologist
  6014 | D:9      | Reached skill level 11 in Axes
  6108 | D:9      | Found a staircase to the Orcish Mines.
  6124 | D:9      | Reached XP level 11. HP: 42/68 MP: 11/11
  6694 | D:10     | Entered Level 10 of the Dungeon
  6700 | D:10     | Identified the +2 cloak of the Reasonable God {*Slow Fly
                  | Str+3 SInv}
  6772 | D:10     | Reached skill level 12 in Axes
  6839 | D:10     | Noticed Snorg
  6846 | D:10     | Slain by Snorg

Illustrated notes

Levels and vault maps discovered:
D:1:      lightli_arrival_maybe_door_vault, layout_basic, nrook_uturn
D:2:      cheibrodos_fertilizer, layout_basic
D:3:      layout_rooms, lemuel_doored_altar
D:4:      layout_gridville, temple_statues
D:5:      layout_loops_ring, marbit_many_paths
D:6:      layout_gridville, nicolae_sif_muna_condensation,
          mainiacjoe_overflow_alcove_4, serial_bayou, serial_bayou_crossing,
          serial_bayou_lagoon_a, serial_bayou_shore_b, serial_bayou_pond_a
D:7:      layout_basic, kennysheep_mini_moat, hellmonk_ghost_happy_afterlife,
          st_stairs_11, minmay_misc_feat_diagonals
D:8:      layout_basic, nicolae_hepliaklqana_monster_ancestors,
          gammafunk_temple_overflow_claw, minmay_quadrilaterals
D:9:      layout_small_grid, kennysheep_orc_monster_closet_entryway,
          grunt_decor_junction, st_stairs_10
D:10:     layout_long_grid, minmay_lair_entry_grove, water_maze_lemuel,
          uniq_erolcha, uniq_snorg

Skill      XL: |  1  2  3  4  5  6  7  8  9 10 11 |
---------------+----------------------------------+-----
Axes           | 3 4 5 6 7 9 11 12 | 12.0
Dodging        | 2 3 4 |  4.2
Armour         | 3 5 7 8 9 |  9.1
Fighting       | 4 5 6 7 8 |  8.3
Stealth        | 1 |  1.0

Action                     |  1- 3 |  4- 6 |  7- 9 | 10-12 || total
---------------------------+-------+-------+-------+-------++-------
  Melee: Hand axe          |   123 |   104 |       |       ||   227
         Punch             |       |     3 |     2 |     1 ||     6
         War axe           |       |    21 |       |       ||    21
         Executioner's axe |       |     8 |    58 |       ||    66
         Broad axe         |       |       |    68 |   107 ||   175
 Invoke: Berserk           |       |     3 |     3 |     1 ||     7
         Trog's Hand       |       |     2 |     1 |     2 ||     5
    Use: Scroll            |     4 |     9 |    10 |     1 ||    24
         Potion            |       |     1 |     1 |       ||     2
 Armour: Animal skin       |    19 |       |       |       ||    19
         Ring mail         |    54 |    56 |    68 |       ||   178
         Chain mail        |       |       |    23 |   105 ||   128
  Dodge: Dodged            |   104 |   137 |   160 |   122 ||   523

Table legend: (Time is in decaauts)
 A = Elapsed time spent in this place.
 B = Non-inter-level travel time spent in this place.
 C = Inter-level travel time spent in this place.
 D = Time resting spent in this place.
 E = Time spent auto-exploring this place.
 F = Levels seen in this place.
 G = Mean time per level.
                   A        B        C        D        E       F      G
               +--------+--------+--------+--------+--------+-----+--------+
         Total |   7005 |   6845 |    160 |     91 |   5065 |  10 |  700.5 |
       Dungeon |   7005 |   6845 |    160 |     91 |   5065 |  10 |  700.5 |
               +--------+--------+--------+--------+--------+-----+--------+

Top non-repeatable levels by time:
     D:8: 917 daAuts
     D:7: 861 daAuts
     D:6: 832 daAuts
     D:9: 822 daAuts
     D:1: 789 daAuts
     D:2: 757 daAuts
     D:5: 731 daAuts
     D:4: 675 daAuts
     D:3: 465 daAuts
    D:10: 151 daAuts
